 Dungeon Crawl Stone Soup version 0.29.1-4-g47bece8355 (webtiles) character file.

Game seed: 11620204999219115200

2825 croobank the Caller (level 10, 0/109 HPs)
             Began as a Human Summoner on Dec 8, 2022.
             Was an Initiate of Gozag.
             Succumbed to a killer bee's poison
             ... on level 8 of the Dungeon.
             The game lasted 00:46:00 (11639 turns).

croobank the Caller (Human Summoner)               Turns: 11639, Time: 00:46:01

Health: 0/109      AC:  3    Str: 10    XL:     10   Next: 3%
Magic:  13/17      EV: 14    Int: 19    God:    Gozag
Gold:   550        SH:  0    Dex: 13    Spells: 6/19 levels left

rFire   . . .      SeeInvis .   E - +2 dagger (venom)
rCold   . . .      Faith    .   (no shield)
rNeg    . . .      Spirit   .   g - +0 robe
rPois   .          Reflect  .   (no helmet)
rElec   .          Harm     .   q - +0 cloak
rCorr   .          Rampage  .   (no gloves)
Will    .....                   (no boots)
Stlth   ..........              (no amulet)
HPRegen 0.28/turn               (no ring)
MPRegen 0.15/turn               (no ring)

@: berserking (expiring), lethally poisoned (0 -> -2), gold aura, very quick
A: no striking features
a: Renounce Religion, Potion Petition, Call Merchant, Bribe Branch


You were on level 8 of the Dungeon.
You worshipped Gozag.
Gozag was pleased with you.
You visited 2 branches of the dungeon, and saw 9 of its levels.
You also visited: Ossuary.

You collected 629 gold pieces.
You paid 79 gold pieces to Gozag.

Inventory:

Hand Weapons
 a - a +1 flail
 b - a +0 sling
 f - a +0 short sword
 j - a +0 whip
 l - a +0 hand axe
 n - a +1 falchion of freezing
 v - a +0 long sword
 y - a +0 war axe
 C - a +2 shortbow of freezing
 E - a +2 dagger of venom (weapon)
Missiles
 w - 17 poisoned darts (quivered)
Armour
 g - a +0 robe (worn)
 o - a +0 ring mail
 q - a +0 cloak (worn)
Magical Staves
 e - a staff of air
 x - a staff of fire
Jewellery
 s - a +4 ring of evasion
Wands
 B - a wand of paralysis (11)
Scrolls
 c - 4 scrolls of teleportation
 h - 2 scrolls of amnesia
 A - a scroll of immolation
 D - a scroll of identify
 F - a scroll of noise {unknown}
 G - a scroll of magic mapping
Potions
 m - 2 potions of magic
 p - 2 potions of ambrosia
 r - a potion of flight
 t - 3 potions of might
 u - 2 potions of attraction
 z - 2 potions of lignification
Miscellaneous
 d - a phial of floods (inert)


   Skills:
 + Level 4.7 Fighting
 + Level 4.8 Armour
 + Level 5.4 Dodging
 - Level 5.0 Stealth
 + Level 5.1 Spellcasting
 + Level 4.6 Hexes
 + Level 6.4 Summonings


You had 6 spell levels left.
You knew the following spells:

 Your Spells              Type           Power      Damage    Failure   Level
a - Summon Small Mammal   Summ           100%       N/A       1%          1
b - Call Imp              Summ           29%        N/A       1%          2
c - Call Canine Familiar  Summ           29%        N/A       2%          3
d - Summon Guardian Gole  Hex/Summ       25%        N/A       3%          3
e - Summon Lightning Spi  Summ/Air       17%        N/A       32%         4

Your spell library contained the following spells:

 Spells                   Type           Power      Damage    Failure   Level
 Ensorcelled Hibernation  Hex/Ice        26%        N/A       7%          2
 Magic Dart               Conj           16%        1d3       12%         1
 Sting                    Tmut/Pois      16%        1d3       12%         1
 Portal Projectile        Hex/Tloc       26%        N/A       14%         3
 Passwall                 Tmut/Erth      3%         N/A       19%         2
 Poisonous Vapours        Pois/Air       8%         N/A       19%         2
 Mephitic Cloud           Conj/Pois/Air  4%         N/A       36%         3
 Swiftness                Air            4%         N/A       36%         3
 Leda's Liquefaction      Hex/Erth       6%         N/A       43%         4
 Hailstorm                Conj/Ice       4%         3d4       77%         4
 Ice Form                 Ice/Tmut       4%         N/A       77%         4
 Olgreb's Toxic Radiance  Pois           4%         N/A       77%         4
 Borgnjor's Vile Clutch   Necr/Erth      2%         N/A       98%         5
 Death Channel            Necr           2%         N/A       100%        6
 Animate Dead             Necr           Unusable   N/A       N/A         4
 Simulacrum               Ice/Necr       Unusable   N/A       N/A         6

Dungeon Overview and Level Annotations

Branches:
Dungeon (8/15)             Temple (1/1) D:6         Ossuary (visited)
   Lair: D:8-11

Altars:
Ashenzari
Cheibriados
Dithmenos
Elyvilon
Fedhas
Gozag
Hepliaklqana
Kikubaaqudgha
Makhleb
Nemelex Xobeh
Okawaru
Qazlal
Ru
Sif Muna
Trog
Uskayaw
Vehumet
Wu Jian
Xom
Yredelemnul
The Shining One

Shops:
D:6 :

Annotations:
D:2 Sigmund


Message History

The killer bee is heavily wounded.
You feel sick. The killer bee misses you.
The killer bee barely misses your rat.
Your rat misses the killer bee.
Your shadow imp barely misses the killer bee.
You miss the killer bee.
The killer bee is heavily wounded.
You feel sick. The killer bee barely misses your rat.
A killer bee comes into view.
The killer bee stings you!
* * * LOW HITPOINT WARNING * * *
The killer bee stings your rat!
Your rat dies!
Your rat's corpse disappears in a puff of smoke!
You puncture the killer bee!
The killer bee is almost dead.
* * * LOW HITPOINT WARNING * * *
You feel sick.
The killer bee is no longer distracted by gold.
You kill the killer bee!
The killer bee is distracted by your dazzling golden aura.
Your shadow imp misses the killer bee.
The killer bee misses you. The killer bee stings your shadow imp!
The killer bee barely misses you.
The killer bee buzzes angrily.
You have reached level 10!
You miss the killer bee.
You kill the killer bee!
The killer bee is no longer distracted by gold.
The killer bee barely misses your shadow imp.
The killer bee is distracted by your dazzling golden aura. x2
Your shadow imp hits the killer bee.
The killer bee is no longer distracted by gold.
The killer bee buzzes angrily.
You hit the killer bee.
The killer bee is poisoned.
The killer bee is severely wounded.
* * * LOW HITPOINT WARNING * * *
You feel sick. The killer bee closely misses you. x2
You miss the killer bee.
The killer bee is severely wounded.
You die...
Your body crumbles into a pile of gold.

#......................
#......................
#...#.........#........
######.##.....#........
####$##....... $
#.$##..... ##y§....#.
##y5§§.## #@yyy.....
##.y...... #..#####.
#### $


You could see 6 killer bees and a friendly shadow imp (summoned).

Vanquished Creatures
  Menkaure (D:7)
  A water moccasin (D:5)
  A black bear (D:5)
  An ogre (D:5)
  A kobold brigand (D:7)
  A necrophage (D:6)
  3 bullfrogs
  A scorpion (D:6)
  4 killer bees (D:8)
  A howler monkey (D:5)
  A centaur zombie (Ossuary)
  2 orc priests
  2 orc wizards
  2 iguanas
  An adder (D:6)
  A white imp (D:7)
  2 ufetubi
  A dart slug (D:4)
  4 orcs
  3 ball pythons
  3 bats
  An endoplasm (D:1)
  A giant cockroach (D:3)
  A goblin (D:3)
  4 hobgoblins
  A jackal (D:4)
  2 quokkas
  3 hobgoblin zombies (Ossuary)
  5 kobolds
  3 kobold zombies (Ossuary)
  4 orc zombies (Ossuary)
  2 rats
  2 rat zombies (Ossuary)
66 creatures vanquished.

Vanquished Creatures (collateral kills)
  Prince Ribbit (D:7)
  An ice beast (D:6)
  A phantom (D:5)
  5 bullfrogs
  An elf zombie (Ossuary)
  A kobold brigand (D:7)
  A scorpion (D:6)
  2 centaur zombies (Ossuary)
  A jelly (D:5)
  A hound (D:7)
  2 orc priests (D:5)
  A human zombie (Ossuary)
  Jessica (D:2)
  2 iguanas
  2 orc wizards (D:6)
  A nameless horror (D:2)
  2 mummies (Ossuary)
  Robin (D:2)
  6 adders
  An ufetubus (D:5)
  An adder zombie (Ossuary)
  2 worms
  A dart slug (D:5)
  26 orcs
  3 endoplasms
  7 goblins (D:2)
  5 hobgoblins
  5 jackals
  2 quokkas
  6 ball pythons
  A bat (D:2)
  A frilled lizard (D:2)
  2 goblin zombies (Ossuary)
  5 hobgoblin zombies (Ossuary)
  9 kobolds
  5 kobold zombies (Ossuary)
  7 orc zombies (Ossuary)
  5 rats
127 creatures vanquished.

Vanquished Creatures (others)
  An orc warrior (D:6)
  A necrophage (D:7)
  2 orcs
4 creatures vanquished.

Grand Total: 197 creatures vanquished

Notes
Turn   | Place    | Note
-------+----------+-------------------------------------------
     0 | D:1      | croobank the Human Summoner began the quest for the Orb.
     0 | D:1      | Reached XP level 1. HP: 13/13 MP: 3/3
   537 | D:1      | Reached XP level 2. HP: 15/19 MP: 3/5
   678 | D:1      | Learned a level 2 spell: Call Imp
  1659 | D:1      | Reached XP level 3. HP: 18/24 MP: 4/6
  1663 | D:1      | Learned a level 3 spell: Call Canine Familiar
  2426 | D:2      | Noticed Jessica
  2431 | D:2      | Killed Jessica
  2432 | D:2      | Reached XP level 4. HP: 31/31 MP: 4/7
  2589 | D:2      | Reached skill level 1 in Fighting
  2689 | D:2      | Noticed Sigmund
  2777 | D:2      | Noticed a nameless horror
  2789 | D:2      | Killed a nameless horror
  2796 | D:2      | Noticed Robin
  2815 | D:2      | Killed Robin
  2816 | D:2      | Reached skill level 1 in Armour
  2825 | D:2      | Reached XP level 5. HP: 36/37 MP: 4/8
  2840 | D:2      | Learned a level 3 spell: Summon Guardian Golem
  3775 | D:3      | Noticed a bullfrog
  3782 | D:3      | Killed a bullfrog
  3820 | D:3      | Reached XP level 6. HP: 43/43 MP: 2/10
  4249 | D:3      | Found a faded altar of an unknown god.
  4692 | D:4      | Found an iron altar of Okawaru.
  4701 | D:4      | Reached skill level 1 in Hexes
  4707 | D:4      | Found a sand-covered staircase.
  4746 | Ossuary  | Entered an ossuary
  5150 | Ossuary  | Reached XP level 7. HP: 32/49 MP: 6/11
  6213 | D:5      | Entered Level 5 of the Dungeon
  6528 | D:5      | Reached skill level 5 in Summonings
  6635 | D:5      | Learned a level 4 spell: Summon Lightning Spire
  6840 | D:5      | Reached XP level 8. HP: 45/57 MP: 4/13
  7047 | D:5      | Found a white marble altar of Elyvilon.
  7174 | D:5      | Found an ornate altar of the Wu Jian Council.
  8363 | D:6      | Found a staircase to the Ecumenical Temple.
  8547 | Temple   | Entered the Ecumenical Temple
  8709 | Temple   | Became a worshipper of Gozag Ym Sagoz the Greedy
  8929 | D:6      | Reached XP level 9. HP: 64/64 MP: 11/15
  9467 | D:6      | Found Ryx Baffefopp's Self-Improvement Boutique.
  9890 | D:6      | Reached skill level 5 in Stealth
 10098 | D:7      | Noticed Menkaure
 10102 | D:7      | Reached skill level 6 in Summonings
 10111 | D:7      | Killed Menkaure
 10117 | D:7      | Reached skill level 5 in Dodging
 10132 | D:7      | Noticed Prince Ribbit
 10841 | D:7      | Killed Prince Ribbit
 11620 | D:8      | Reached skill level 5 in Spellcasting
 11635 | D:8      | HP: 3/99 [killer bee (9)]
 11637 | D:8      | Reached XP level 10. HP: 2/73 MP: 12/17
 11638 | D:8      | HP: 1/109 [poisoned by a killer bee]
 11639 | D:8      | Succumbed to a killer bee's poison

Illustrated notes

Levels and vault maps discovered:
D:1:      eino_arrival_water_cross, layout_basic
D:2:      layout_loops_ring, serial_aquarium, aquarium_bridge_square
          [aquarium_subvault_bridge, aquarium_subvault_wall,
          aquarium_subvault_wall, aquarium_subvault_bridge],
          aquarium_bridge_straight [aquarium_subvault_bridge,
          aquarium_subvault_window, aquarium_subvault_bridge,
          aquarium_subvault_wall], aquarium_window_2, aquarium_window_fake,
          aquarium_view_2a, aquarium_view_2c, aquarium_balcony_3b, uniq_robin,
          uniq_sigmund, uniq_jessica
D:3:      layout_loops_ring, ebering_ecumenical_altar_box
D:4:      layout_loops_cross, okawaru_trees_1,
          lightli_ossuary_entry_decrepit_ruins
D:5:      layout_loops_ring, kennysheep_mini_moat, elyvilon_altar_3
D:6:      nicolae_cairo_tiling, layout_cave_pools, temple_statues,
          nicolae_shop_self_help
D:7:      layout_rooms, uniq_prince_ribbit1, uniq_menkaure
D:8:      layout_cave_pools, uniq_grum, uniq_amaemon
Temple:   nicolae_temple_bog_church

Skill      XL: |  1  2  3  4  5  6  7  8  9 |
---------------+----------------------------+-----
Fighting       | 1 2 3 4 |  4.7
Armour         | 1 2 3 4 |  4.8
Stealth        | 3 4 5 |  5.0
Dodging        | 3 4 5 |  5.4
Hexes          | 1 2 3 4 |  4.6
Spellcasting   | 3 4 5 |  5.1
Summonings     | 5 6 |  6.4

Action                   |  1- 3 |  4- 6 |  7- 9 | 10-12 || total
-------------------------+-------+-------+-------+-------++-------
Melee: Unarmed           |     7 |       |       |       ||     7
       Staff             |     6 |       |       |       ||     6
       Flail             |    26 |    56 |    20 |       ||   102
       Punch             |     1 |     2 |     3 |       ||     6
       Dagger            |       |       |    94 |     3 ||    97
       Falchion          |       |       |    55 |       ||    55
Throw: Dart              |       |       |     1 |       ||     1
 Cast: Summon Small Mamm |    37 |    17 |    24 |       ||    78
       Call Imp          |    14 |     9 |    20 |       ||    43
       Call Canine Famil |     3 |    23 |    46 |       ||    72
       Summon Guardian G |       |       |     6 |       ||     6
Evoke: Phial of floods   |       |       |     1 |       ||     1
  Use: Potion            |       |     1 |     7 |       ||     8
       Scroll            |       |     7 |    11 |       ||    18
 Stab: Sleeping          |       |     4 |     9 |       ||    13
       Distracted        |       |       |     4 |       ||     4
Armor: Robe              |    13 |    20 |    37 |       ||    70
Dodge: Dodged            |    39 |    43 |   184 |     2 ||   268
